Map: Port Aleksander EC

Players

Pilgrim - Winner!

  • Race: Zerg Zerg
  • League: Platinum
  • Spawn Location: 11:00

JamesFord

  • Race: Terran Terran
  • League: Gold
  • Spawn Location: 5:00

VOD

Have the link to the VOD?

Description

Time

  • Played on: April 25, 2019, 9:03 a.m.
  • Length: 16:25
Show
View Real Time Build Order
Export as new Build Order

Pilgrim Zerg - Winner!

Build Orders: Hatch First 

Get SALT Encoding   

  12  0:01  Drone  
  13  0:16  Overlord  
  13  0:20  Drone  
  14  1:00  Hatchery  
  14  1:01  Drone x3  
  14  1:03  Extractor  
  15  1:17  Drone  
  16  1:25  Spawning Pool  
  16  1:26  Drone  
  16  1:36  Drone  
  17  1:55  Overlord  
  17  2:11  Drone x2  
  17  2:15  Queen  
  21  2:16  Queen  
  23  2:26  Drone x2  
  25  2:33  Drone  
  26  2:40  Drone x2  
  28  2:50  Spine Crawler  
  27  2:52  Queen  
  28  2:59  Spine Crawler  
  27  3:10  Spine Crawler x2  
  25  3:20  Zergling x6  
  28  3:31  Queen  
  30  3:47  Zergling x2  
  30  3:48  Zergling x2  
  32  4:02  Zergling x2  
  33  4:06  Queen  
  35  4:40  Zergling x2  
  35  4:42  Overlord x2  
  28  5:34  Hatchery, Drone x3  
  29  5:48  Hatchery  
  29  5:49  Hatchery, Extractor  
  26  5:53  Lair  
  26  6:03  Drone  
  27  6:04  Drone  
  27  6:08  Drone  
  27  6:09  Drone x3  
  32  6:30  Drone x3  
  35  6:38  Overlord  
  35  6:52  Spire, Drone x2  
  35  6:53  Drone x2  
  39  7:08  Drone  
  39  7:09  Drone x5  
  39  7:12  Extractor  
  43  7:15  Extractor  
  43  7:16  Spore Crawler  
  43  7:19  Overseer  
  43  7:21  Spore Crawler  
  40  7:23  Drone  
  40  7:24  Drone  
  42  7:52  Drone  
  42  7:54  Queen  
  42  7:55  Queen  
  47  8:00  Drone  
  47  8:01  Drone x6  
  54  8:08  Zerg Flyer Weapons Level 1  
  54  8:13  Mutalisk x2  
  58  8:41  Spore Crawler  
  56  8:44  Overseer x2  
  56  8:48  Mutalisk x7  
  69  9:01  Mutalisk  
  69  9:02  Mutalisk x3  
  77  9:06  Overseer  
  77  9:15  Overlord  
  77  9:30  Spore Crawler  
  76  9:32  Mutalisk  
  76  9:33  Mutalisk x2, Extractor  
  76  9:36  Extractor  
  80  9:42  Drone  
  80  9:43  Drone x5  
  85  10:02  Overlord x2  
  85  10:03  Overlord x4  
  85  10:09  Zerg Flyer Armor Level 1  
  85  10:13  Overlord  
  85  10:34  Drone x2  
  85  10:35  Drone x10  
  97  10:42  Overlord  
  97  10:55  Drone x8  
  97  10:56  Drone  
  106  11:23  Metabolic Boost, Nydus Network  
  106  11:24  Nydus Network  
  104  11:32  Evolution Chamber  
  103  11:34  Evolution Chamber  
  102  11:43  Drone  
  102  11:44  Drone x9  
  112  11:48  Extractor  
  112  11:49  Extractor  
  112  11:50  Hatchery  
  105  12:04  Hatchery  
  105  12:06  Zerg Flyer Weapons Level 2  
  103  12:12  Mutalisk  
  103  12:13  Mutalisk x7  
  116  12:56  Drone x11  
  116  12:57  Drone  
  128  13:04  Zerg Melee Weapons Level 1, Zerg Ground Armor Level 1  
  128  13:19  Infestation Pit  
  127  13:26  Nydus Canal  
  127  13:28  Nydus Canal  
  127  13:30  Zergling x12  
  127  13:31  Zergling x22  
  144  13:48  Drone  
  144  13:49  Drone x6  
  151  14:07  Nydus Canal  
  151  14:08  Nydus Canal  
  148  14:36  Extractor  
  148  14:37  Extractor  
  146  14:38  Neural Parasite  
  146  14:40  Hive  
  146  14:41  Lair  
  146  14:42  Spire  
  146  14:43  Lair  
  145  14:45  Lair  
  145  15:00  Drone x6  
  145  15:01  Drone x4  
  145  15:02  Overlord  
  145  15:03  Overlord x7  
  155  15:46  Extractor x2  
  137  15:59  Spore Crawler  
  137  16:02  Spore Crawler  
  131  16:10  Drone x2  
  131  16:11  Drone  
  134  16:12  Drone x3  
Show
View Real Time Build Order
Export as new Build Order

JamesFord Terran 

Build Orders:  

Get SALT Encoding   

  12  0:01  SCV  
  13  0:13  SCV  
  14  0:22  Supply Depot  
  14  0:25  SCV  
  15  0:37  Refinery  
  15  0:44  SCV  
  15  0:47  Barracks  
  16  0:56  SCV  
  17  1:08  SCV  
  18  1:20  SCV  
  19  1:32  SCV  
  19  1:34  Reaper  
  21  1:48  Orbital Command  
  21  1:57  Command Center  
  21  2:06  Marine  
  22  2:10  Supply Depot  
  22  2:21  Refinery, Factory  
  22  2:23  SCV  
  23  2:35  SCV  
  24  2:48  SCV  
  24  2:49  Bunker  
  24  3:06  Marine  
  25  3:15  Orbital Command  
  25  3:23  Supply Depot  
  25  3:24  Marine  
  26  3:27  Supply Depot  
  26  3:47  Factory Tech Lab  
  26  3:50  SCV  
  26  3:51  Starport  
  27  3:57  Supply Depot  
  27  3:59  Supply Depot  
  27  4:03  Marine  
  27  4:07  Siege Tank  
  30  4:50  Siege Tank  
  33  4:57  Barracks Reactor  
  33  5:06  Orbital Command  
  25  5:22  Siege Tank  
  28  5:40  Starport Tech Lab  
  28  5:42  Marine x2  
  30  5:52  Bunker  
  30  5:54  Siege Tank  
  30  5:55  SCV  
  34  5:57  Orbital Command  
  34  6:17  Bunker  
  34  6:20  Marine x2  
  36  6:34  SCV  
  36  6:38  Marine  
  38  6:44  Banshee  
  41  6:52  Fusion Core  
  41  6:53  Siege Tank  
  44  7:10  Marine x2  
  46  7:20  Supply Depot  
  46  7:21  Supply Depot  
  46  7:24  Supply Depot  
  46  7:42  SCV, Banshee  
  50  7:45  Refinery  
  50  7:54  SCV  
  51  8:05  Weapon Refit  
  51  8:06  SCV, Barracks  
  51  8:09  Barracks  
  51  8:10  Starport  
  52  8:13  Refinery  
  52  8:18  SCV  
  53  8:24  Cloaking Field  
  53  8:30  SCV  
  54  8:42  SCV  
  54  8:47  Marine x2  
  57  8:55  SCV  
  58  9:02  Battlecruiser  
  64  9:05  Marine x2  
  66  9:10  SCV  
  66  9:13  Medivac  
  69  9:22  SCV  
  70  9:35  Supply Depot  
  70  9:36  Supply Depot x3  
  70  9:42  Engineering Bay  
  70  9:56  Marine x2, SCV  
  73  10:03  Siege Tank  
  76  10:08  SCV  
  76  10:14  Marine x2  
  77  10:20  SCV  
  80  10:27  Battlecruiser  
  86  10:31  Marine x2  
  86  10:32  SCV  
  89  10:45  SCV  
  89  10:49  Marine x2  
  92  10:50  Terran Infantry Weapons Level 1  
  92  10:57  SCV  
  93  10:58  Starport Tech Lab  
  93  11:09  Marine x2, SCV  
  93  11:10  Siege Tank  
  99  11:21  SCV  
  100  11:26  Marine  
  101  11:33  SCV  
  102  11:51  SCV  
  87  12:03  SCV  
  88  12:08  Marine  
  88  12:09  Marine  
  90  12:17  Missile Turret  
  90  12:20  Missile Turret  
  90  12:21  Missile Turret x2  
  84  12:26  Marine x2  
  70  12:37  Missile Turret  
  70  12:40  Missile Turret  
  70  12:41  Missile Turret  
  63  12:44  Marine x2  
  63  12:45  Missile Turret  
  65  13:00  SCV  
  65  13:02  Marine x2  
  68  13:07  Missile Turret  
  68  13:09  Missile Turret  
  68  13:12  SCV  
  69  13:15  Missile Turret  
  69  13:20  Marine x2  
  69  13:24  SCV  
  72  13:36  Marine x2  
  72  13:37  Marine  
  72  13:38  Marine  
  76  13:43  Command Center  
  76  13:54  Marine x2  
  78  13:55  Marine  
  72  14:47  Marine x4  
  76  15:05  Marine x4  
  80  15:18  Refinery  
  80  15:20  Refinery  
  80  15:23  Marine x4  
  84  15:29  Planetary Fortress  
  84  15:41  Marine x4  
  57  15:58  Marine, Orbital Command  
Tags
 
Add a new tag
Caveats
  • Supply blocks, unpowered buildings, or Contaminate may cause inaccurate times.
  • Supply counts are checked every 10 seconds.